 Dungeon Crawl Stone Soup version 0.30-a0-847-g17996783a1 (webtiles) character file.

Game seed: 2991277860577764681

39 holysushi the Cutter (level 3, 0/29 HPs)
             Began as a Demonspawn Monk on Mar 3, 2023.
             Killed by nerve-wracking pain
             ... invoked by a shadow imp
             ... summoned by Natasha
              (12 damage)
             ... on level 2 of the Dungeon.
             The game lasted 00:01:37 (1254 turns).

holysushi the Cutter (Demonspawn Monk)              Turns: 1254, Time: 00:01:37

Health: 0/29       AC:  7    Str: 11    XL:     3   Next: 26%
Magic:  3/3        EV: 13    Int: 11    God:
Gold:   62         SH:  0    Dex: 17    Spells: 1/2 levels left

rFire   . . .      SeeInvis .    f - +1 dagger (speed)
rCold   . . .      Faith    .    (no shield)
rNeg    . . .      Spirit   .    b - +0 robe
rPois   .          Reflect  .    (no helmet)
rElec   .          Rampage  .    i - +2 cloak
rCorr   .                        (no gloves)
Will    .....                    (no boots)
Stlth   ++                       (no amulet)
HPRegen 0.24/turn                (no ring)
MPRegen 0.08/turn                (no ring)

@: no status effects
A: molten scales 1
a: no special abilities


You were on level 2 of the Dungeon.
You visited 1 branch of the dungeon, and saw 2 of its levels.

You collected 62 gold pieces.

Inventory:

Hand Weapons
 a - a +0 short sword
 f - a +1 dagger of speed (weapon)
 g - a +0 short sword of speed
Armour
 b - a +0 robe (worn)
 i - a +2 cloak (worn)
 j - a +0 pair of gloves
Jewellery
 h - an amulet of regeneration
Scrolls
 e - a scroll of amnesia
Potions
 c - 3 potions of ambrosia
 d - a potion of curing {unknown}


   Skills:
 - Level 3.0 Fighting
 + Level 4.0 Short Blades
 - Level 2.6 Dodging
 - Level 1.7 Stealth


You had one spell level left.
You knew the following spells:

 Your Spells              Type           Power      Damage    Failure   Level
a - Apportation           Tloc           0%         N/A       34%         1

Your spell library contained the following spells:

 Spells                   Type           Power      Damage    Failure   Level
 Kindle Blastsparks       Fire/Tloc/Air  0%         2d10      71%         3
 Fulminant Prism          Conj/Hex       0%         3d5       98%         4
 Iskenderun's Mystic Bla  Conj/Tloc      0%         2d3       98%         4
 Alistair's Intoxication  Tmut/Pois      0%         N/A       100%        5
 Lee's Rapid Deconstruct  Erth           0%         3d4*      100%        5
 Summon Forest            Summ/Tloc      0%         N/A       100%        5
 Eringya's Noxious Bog    Tmut/Pois      0%         N/A       100%        6
 Summon Hydra             Summ           0%         N/A       100%        7


Dungeon Overview and Level Annotations

Branches:
Dungeon (2/15) Zot: 10791

Altars:

Annotations:
D:2 Natasha, Terence


Innate Abilities, Weirdness & Mutations

You are partially covered in molten scales. (AC +2)


Message History

The frilled lizard attacks as you move away!
The frilled lizard bites you but does no damage.
You hit the frilled lizard.
The frilled lizard is heavily wounded.
The frilled lizard closely misses you.
Natasha mumbles some strange words.
You hit the frilled lizard.
You kill the frilled lizard!
Natasha howls an incantation.
Natasha glows brightly for a moment.
Natasha closely misses you. The white imp hits you. The white imp freezes you.
You closely miss Natasha. Natasha closely misses you.
The white imp hits you but does no damage.
You hit Natasha.
Natasha is moderately wounded.
You hit Natasha.
Natasha is heavily wounded.
Natasha closely misses you. The white imp gestures at you.
The puff of frost hits you!
You hit Natasha.
Natasha is severely wounded.
The shadow imp barely misses you.
You hit Natasha but do no damage.
Natasha is severely wounded.
Natasha closely misses you. The white imp gestures at you.
The puff of frost misses you.
You miss Natasha.
Natasha is severely wounded.
The shadow imp barely misses you.
You barely miss Natasha.
Natasha is severely wounded.
Natasha claws you.
The white imp hits you but does no damage.
You closely miss Natasha.
Natasha is severely wounded.
The shadow imp gestures at you. Pain shoots through your body!
You die...

....>.### ....
........##.##........##
......#.##.#..........#
.###.......#.>......$.#
.#....................#
.#....# ##............#
......# #.............#
.#....###....#.5h5...##
#####...#.......@....[#
###...............#
###.............#
#...#.........#
#...#...(.....#
#............##
##.#.##..<..##
....######## #....#


You could see Natasha, a white imp (summoned) and a shadow imp (summoned).

Vanquished Creatures
  An adder (D:2)
  A dart slug (D:1)
  7 ball pythons
  A bat (D:2)
  3 endoplasms
  A giant cockroach (D:1)
  2 hobgoblins
  2 kobolds (D:1)
  2 frilled lizards
  3 goblins
  2 rats (D:1)
25 creatures vanquished.

Notes
Turn   | Place    | Note
-------+----------+-------------------------------------------
     0 | D:1      | holysushi the Demonspawn Monk began the quest for the Orb.
     0 | D:1      | Reached XP level 1. HP: 18/18 MP: 1/1
   170 | D:1      | Reached skill level 3 in Short Blades
   212 | D:1      | Gained mutation: You are partially covered in molten
                  | scales. (AC +2) [demonic ancestry]
   212 | D:1      | Reached XP level 2. HP: 24/24 MP: 2/2
   439 | D:1      | Learned a level 1 spell: Apportation
   932 | D:2      | Noticed Terence
   991 | D:2      | Reached XP level 3. HP: 29/29 MP: 3/3
  1143 | D:2      | Reached skill level 4 in Short Blades
  1235 | D:2      | Noticed Natasha
  1254 | D:2      | Killed from afar by a shadow imp

Illustrated notes

Levels and vault maps discovered:
D:1:      dpeg_arrival_simpleton_b, layout_basic
D:2:      layout_rooms, uniq_natasha, uniq_terence

Skill      XL: |  1  2  3 |
---------------+----------+-----
Short Blades   | 3 4 |  4.0
Fighting       | |  3.0
Dodging        | |  2.6
Stealth        | |  1.7

Action                     || total
---------------------------++-------
  Melee: Dagger            ||    90
         Punch             ||     2
         Short sword       ||     1
    Use: Scroll            ||     2
   Stab: Sleeping          ||     4
 Armour: Robe              ||    18
  Dodge: Dodged            ||    53

Table legend: (Time is in decaauts)
 A = Elapsed time spent in this place.
 B = Non-inter-level travel time spent in this place.
 C = Inter-level travel time spent in this place.
 D = Time resting spent in this place.
 E = Time spent auto-exploring this place.
 F = Levels seen in this place.
 G = Mean time per level.
                   A        B        C        D        E       F      G
               +--------+--------+--------+--------+--------+-----+--------+
         Total |   1208 |   1159 |     49 |     29 |    848 |   2 |  604.0 |
       Dungeon |   1208 |   1159 |     49 |     29 |    848 |   2 |  604.0 |
               +--------+--------+--------+--------+--------+-----+--------+

Top non-repeatable levels by time:
     D:1: 933 daAuts
     D:2: 275 daAuts
